AoeStats
← AiM | Walter Quiver

MegaRandom

510233368Analyzed
3v3 RM · 18h ago on Sep 30, 2026· 30m 37s· 6 players
Game mode
Random Map
Map size
Normal (6 player)
Population
200
Speed
Normal
Resources
Standard
Victory
Conquest
Starting age
Dark Age
Ending age
Imperial Age
RankedLock teamsTeams togetherTeam positionsShared explorationLock speedFull tech treeHidden civsTurbo modeCheats
Victory
Defeat
🇦🇷 Varangians · Argentina
1642
+8
🇨🇱 Mongols · Chile
1483
+13
🇦🇷 Italians · Argentina
1372
+17
🇺🇸 Mongols · United States
1476
-15
🇺🇸 Vietnamese · United States
1417
-12
🇺🇸 Franks · United States
1395
-11
Cannoli
6:48 Loom
9:17 Feudal Age
9:54 Double-Bit Axe
10:15 Horse Collar
15:32 Bloodlines
19:19 Wheelbarrow
22:31 Castle Age
20:23 Gold Mining
21:06 Scale Barding Armor
22:26 Forging
23:35 Chain Barding Armor
23:55 Bow Saw
23:46 Heavy Plow
26:38 Husbandry
27:58 Iron Casting
AiM | Walter Quiver
5:26 Loom
8:52 Feudal Age
9:22 Double-Bit Axe
9:29 Horse Collar
17:22 Scale Barding Armor
19:06 Wheelbarrow
21:00 Forging
24:08 Castle Age
22:18 Gold Mining
23:01 Fletching
23:23 Bloodlines
24:46 Bodkin Arrow
25:01 Husbandry
25:40 Bow Saw
26:06 Padded Archer Armor
28:26 Leather Archer Armor
29:55 Ballistics
30:52 Gold Shaft Mining
30:19 Heavy Plow
TGT-Lord_Catan
3:35 Loom
4:01 Loom
7:01 Loom
11:16 Feudal Age
12:16 Double-Bit Axe
17:20 Fletching
18:24 Wheelbarrow
22:21 Castle Age
20:46 Padded Archer Armor
21:32 Gold Mining
21:34 Stone Mining
22:58 Scale Mail Armor
22:24 Crossbowman
23:41 Bodkin Arrow
26:48 Town Watch
29:24 Caravan
WALLUP | debrijja
6:06 Loom
9:16 Feudal Age
11:06 Double-Bit Axe
11:02 Horse Collar
20:38 Wheelbarrow
23:12 Castle Age
21:17 Fletching
22:34 Scale Mail Armor
22:44 Forging
22:35 Gold Mining
23:11 Padded Archer Armor
23:29 Pikeman
23:30 Elite Skirmisher
24:27 Chain Mail Armor
24:47 Iron Casting
25:11 Bow Saw
25:37 Town Watch
26:15 Heavy Plow
27:10 Squires
WALLUP | Flimby16
7:23 Loom
10:18 Feudal Age
10:52 Double-Bit Axe
14:29 Scale Barding Armor
16:11 Forging
24:26 Wheelbarrow
27:04 Castle Age
26:08 Gold Mining
27:09 Light Cavalry
27:50 Husbandry
29:07 Iron Casting
Azure_Sentry
6:47 Loom
9:25 Feudal Age
22:03 Castle Age
21:16 Double-Bit Axe
21:38 Scale Barding Armor
22:02 Bloodlines
23:24 Chain Barding Armor
24:32 Bow Saw
24:47 Horse Collar
Connection lost

Rejoining the realm…

Still unreachable

The connection could not be restored.

Session expired

The server has moved on; the page needs a fresh start.